 Dungeon Crawl Stone Soup version 0.17-a0-1733-ge90ece9 (webtiles) character file.

7843 Adamqs the Blocker (level 11, -3/97 HPs)
             Began as a Minotaur Fighter on Aug 29, 2015.
             Was a Believer of Qazlal.
             Killed from afar by a raiju (18 damage)
             ... with a living lightning
             ... on level 1 of the Abyss on Aug 30, 2015.
             The game lasted 01:00:20 (9244 turns).

Adamqs the Blocker (Minotaur Fighter)               Turns: 9244, Time: 01:00:22

Health: -3/97      AC: 27    Str: 30    XL:     11   Next: 2%
Magic:  10/10      EV: 13    Int:  5    God:    Qazlal [**....]
Gold:   447        SH: 16    Dex: 11    Spells: 1 memorised, 9 levels left

rFire  x . .     SeeInvis .     N - +1 flail (holy)
rCold  . . .     Clarity  .     P - +0 plate armour
rNeg   + . .     SustAt   .     c - +0 shield
rPois  +         Gourm    .     A - +2 hat
rElec  .         Spirit   .     U - +2 cloak "Udwumowk" {rPois rF- Str+2 Stlth+}
rCorr  .         Warding  +     (no gloves)
rMut   .         Stasis   .     H - +0 pair of boots
MR     .....                    X - brooch of Shielding {Ward rN+ AC+4 EV+4}
Stlth  ..........               a - ring of flight
                                g - +2 ring of protection

@: mighty, not resistant to hostile enchantments, extremely unstealthy
A: retaliatory headbutt, horns 2
a: Upheaval, Renounce Religion, Evoke Flight


You were on level 1 of the Abyss.
You worshipped Qazlal.
Qazlal was pleased with you.
You were not hungry.

You visited 3 branches of the dungeon, and saw 12 of its levels.
You visited the Abyss 1 time.

You collected 527 gold pieces.
You spent 80 gold pieces at shops.

Inventory:

Hand weapons
 K - a +0 shortbow
 N - a +1 flail of holy wrath (weapon)
 S - a +2 quarterstaff of chaos
Missiles
 L - 196 arrows
Armour
 c - a +0 shield (worn)
 f - a cursed +0 helmet
 A - a +2 hat (worn)
 H - a +0 pair of boots (worn)
 P - a +0 plate armour (worn)
 U - the +2 cloak "Udwumowk" (worn) {rPois rF- Str+2 Stlth+}
   (You found it on level 8 of the Dungeon)

   It affects your strength (+2).
   It makes you vulnerable to fire.
   It protects you from poison.
   It makes you more stealthy.
Magical staves
 V - an uncursed staff of wizardry
Jewellery
 a - a ring of flight (right hand)
 g - a +2 ring of protection (left hand)
 X - the brooch of Shielding (around neck) {Ward rN+ AC+4 EV+4}
   (You found it on level 8 of the Dungeon)

   [amulet of warding]

   It may prevent the melee attacks of summoned creatures.
   It affects your AC (+4).
   It affects your evasion (+4).
   It protects you from negative energy.
Magical devices
 o - a wand of confusion (32)
 x - a wand of polymorph (2)
 y - a wand of magic darts (16)
 C - a wand of slowing (26)
 O - a wand of random effects (40)
 R - a wand of paralysis (11)
Scrolls
 h - 2 scrolls of magic mapping
 j - a scroll of recharging
 k - a scroll of blinking
 s - 2 scrolls of teleportation
 u - 3 scrolls of fog
 v - 3 scrolls of random uselessness
 D - a scroll of amnesia
 E - a scroll of fear
 G - 2 scrolls of enchant weapon
 I - 2 scrolls of remove curse
 Q - 2 scrolls of enchant armour
 Y - a scroll of holy word
Potions
 d - 6 potions of might
 l - a potion of curing
 m - 2 potions of haste {unknown}
 n - a potion of beneficial mutation {unknown}
 p - a potion of mutation {unknown}
 r - 4 potions of agility {unknown}
 t - 2 potions of invisibility {unknown}
 z - 2 potions of cancellation {unknown}
 F - 2 potions of brilliance {unknown}
 M - a potion of cure mutation {unknown}
 T - a potion of heal wounds {unknown}
 W - a potion of berserk rage
Books
 B - a Young Poisoner's Handbook

   Spells                             Type                      Level
   a - Sting                          Conjuration/Poison           1
   b - Cure Poison                    Poison                       2
   c - Mephitic Cloud                 Conjuration/Poison/Air       3
   d - Olgreb's Toxic Radiance        Poison                       4
   e - Venom Bolt                     Conjuration/Poison           5
Miscellaneous
 b - a plain deck of summoning
Comestibles
 e - 5 bread rations
 i - 9 royal jellies
 q - a beef jerky
 w - a slice of pizza
 Z - 4 fruits


   Skills:
 + Level 9.2 Fighting
   Level 6.6(8.3) Axes
 + Level 7.8(9.0) Maces & Flails
 + Level 9.8 Armour
 + Level 4.6 Dodging
 + Level 1.1 Stealth
 + Level 11.6 Shields
 + Level 0.5 Evocations


You had 9 spell levels left.
You knew the following spells:

 Your Spells              Type           Power        Failure   Level  Hunger
a - Sting                 Conj/Pois      #...         100%        1    ##.....


Dungeon Overview and Level Annotations

Branches:
Dungeon (10/15)            Temple (1/1) D:4            Lair (1/8) D:10
    Orc (0/4) D:10

Altars:
Ashenzari
Cheibriados
Dithmenos
Elyvilon
Fedhas
Gozag
Kikubaaqudgha
Makhleb
Nemelex Xobeh
Okawaru
Qazlal
Ru
Sif Muna
Trog
Vehumet
Xom
Yredelemnul
Zin
The Shining One

Shops:
D:4 =   D:8 !

Annotations:
D:10 Psyche


Innate Abilities, Weirdness & Mutations

You reflexively headbutt those who attack you in melee.
You have a pair of horns on your head.


Message History

You block the raiju's attack.
The raiju bursts into living lightning!
The living lightning misses you.
The living lightning hits the raiju.
The raiju completely resists.
The living lightning hits the raiju.
The raiju completely resists.
The living lightning hits you!
The raiju blinks!
You block the raiju's attack.
You closely miss the raiju.
The raiju is almost dead.
The raiju bursts into living lightning!
The living lightning misses you. The living lightning hits you!
The raiju blinks! x2
The raiju bursts into living lightning!
The living lightning misses you.
The living lightning hits the raiju.
The raiju completely resists.
The living lightning hits the raiju.
The raiju completely resists.
The living lightning hits you!
* * * LOW HITPOINT WARNING * * *
The raiju blinks!
The raiju bursts into living lightning!
The living lightning hits you!
You die...

.# .... #
.##... .. #§#
###.... ..# .
... .### #..
#..## . h #..#
##h. #§. #
#...##§#.##....
. #§@h## ...#
#h.§#.§...#
###....####..#
# .#.#.....# ##
# ....#.#.#
..##...##...#
#. #.####...#
.##..# #....# .
..## #.


You could see 3 raiju.

Vanquished Creatures
  Gastronok (D:9)
  Urug (D:10)
  A fire drake (D:10)
  A troll (D:9)
  A queen bee (D:9)
  The ghost of Crag the Conjurer, an average TeCj of Qazlal (D:4)
  A steam dragon (D:10)
  2 wyverns
  Eustachio (D:5)
  A hungry ghost (D:8)
  A water moccasin (D:9)
  Edmund (D:6)
  A large abomination (Abyss:1)
  An ice beast (D:7)
  2 orc warriors
  A black bear (D:9)
  2 sky beasts
  5 centaurs
  3 ogres
  2 phantoms (D:9)
  2 crocodiles
  A gnoll sergeant (D:9)
  4 giant frogs
  A small abomination (Abyss:1)
  A scorpion (D:7)
  17 killer bees (D:9)
  The ghost of demonpo the Sneak, a weakling HEEn (D:3)
  3 crimson imps
  A centaur skeleton (D:9)
  A quasit (D:7)
  3 hounds
  Crazy Yiuf (D:6)
  2 giant frog skeletons (D:6)
  5 orc priests
  4 orc wizards
  3 iguanas
  5 worker ants
  13 gnolls
  A worker ant zombie (D:5)
  3 adders
  A white imp (Abyss:1)
  3 shadow imps
  2 adder zombies (D:8)
  7 worms
  3 giant geckos
  17 orcs
  A ball python (D:3)
  6 bats
  18 hobgoblins
  17 jackals
  14 kobolds
  4 quokkas
  2 giant cockroaches
  A giant gecko skeleton (D:7)
  7 giant newts
  11 goblins
  2 quokka skeletons
  13 rats
  2 plants (Temple)
233 creatures vanquished.

Vanquished Creatures (others)
  A fungus (D:10)
1 creature vanquished.

Grand Total: 234 creatures vanquished

Notes
Turn   | Place    | Note
--------------------------------------------------------------
     0 | D:1      | Adamqs the Minotaur Fighter began the quest for the Orb.
     0 | D:1      | Reached XP level 1. HP: 19/19 MP: 0/0
   205 | D:1      | Reached XP level 2. HP: 24/27 MP: 1/1
   314 | D:1      | Reached skill level 4 in Armour
   932 | D:2      | Reached XP level 3. HP: 33/33 MP: 2/2
   935 | D:2      | Upgraded the game from 0.17-a0-1731-g129c023 to 0.17-a0-1733-ge90ece9
  1392 | D:2      | Noticed a moth of wrath
  1396 | D:2      | Found a bloodstained altar of Trog.
  1511 | D:2      | Reached XP level 4. HP: 40/40 MP: 3/3
  1840 | D:3      | Noticed demonpo's ghost (weakling HEEn)
  1855 | D:3      | Killed demonpo's ghost
  1855 | D:3      | Reached skill level 1 in Dodging
  1855 | D:3      | Reached XP level 5. HP: 30/47 MP: 4/4
  1953 | D:3      | Found a blossoming altar of Fedhas.
  2540 | D:4      | Found a white marble altar of Elyvilon.
  2540 | D:4      | Noticed an ogre
  2549 | D:4      | Killed an ogre
  2549 | D:4      | Reached skill level 5 in Armour
  2684 | D:4      | Reached XP level 6. HP: 55/55 MP: 5/5
  2694 | D:4      | Found Jinurgh's Jewellery Emporium.
  2744 | D:4      | Reached skill level 5 in Fighting
  2746 | D:4      | Found a radiant altar of Vehumet.
  2772 | D:4      | Reached skill level 5 in Shields
  2802 | D:4      | Noticed Crag's ghost (average TeCj)
  2813 | D:4      | Killed Crag's ghost
  3072 | D:4      | Found a staircase to the Ecumenical Temple.
  3398 | Temple   | Entered the Ecumenical Temple
  3425 | Temple   | Became a worshipper of Qazlal Stormbringer
  3877 | D:5      | Entered Level 5 of the Dungeon
  3877 | D:5      | Noticed Eustachio
  3919 | D:5      | Killed Eustachio
  3919 | D:5      | Reached XP level 7. HP: 43/61 MP: 6/6
  3978 | D:5      | Reached skill level 5 in Axes
  4217 | D:5      | Reached skill level 6 in Fighting
  4246 | D:5      | Reached XP level 8. HP: 30/70 MP: 7/7
  4683 | D:6      | Found a burning altar of Makhleb.
  4790 | D:6      | Noticed Edmund
  4810 | D:6      | Killed Edmund
  4952 | D:6      | Reached skill level 7 in Armour
  5148 | D:6      | Noticed Crazy Yiuf
  5156 | D:6      | Killed Crazy Yiuf
  5599 | D:7      | Acquired Qazlal's first power
  5599 | D:7      | Reached skill level 1 in Maces & Flails
  5774 | D:7      | Reached XP level 9. HP: 79/79 MP: 8/8
  6089 | D:8      | Found a glowing silver altar of Zin.
  6198 | D:8      | Got a fine cloak
  6204 | D:8      | Identified the +2 cloak "Udwumowk" {rPois rF- Str+2 Stlth+} (You found it on level 8 of the Dungeon)
  6323 | D:8      | Found a sacrificial altar of Ru.
  6361 | D:8      | Found Kuqoocs's Distillery.
  6379 | D:8      | Bought a potion of berserk rage for 80 gold pieces
  6457 | D:8      | Reached skill level 1 in Stealth
  6610 | D:8      | Found a sparkling altar of Nemelex Xobeh.
  6889 | D:8      | Reached skill level 8 in Shields
  6914 | D:9      | Noticed Gastronok
  7495 | D:9      | Killed Gastronok
  7495 | D:9      | Reached skill level 5 in Maces & Flails
  7495 | D:9      | Reached skill level 9 in Armour
  7495 | D:9      | Reached XP level 10. HP: 21/88 MP: 9/9
  7823 | D:9      | Found a shadowy altar of Dithmenos.
  8005 | D:9      | Reached skill level 10 in Shields
  8076 | D:9      | Acquired Qazlal's second power
  8534 | D:9      | Reached skill level 11 in Shields
  8572 | D:9      | Learned a level 1 spell: Sting
  8725 | D:10     | Entered Level 10 of the Dungeon
  8742 | D:10     | Found a staircase to the Lair.
  8755 | D:10     | Noticed Psyche
  8776 | Lair:1   | Entered Level 1 of the Lair of Beasts
  8776 | Lair:1   | Noticed a four-headed hydra
  8840 | D:10     | Found a staircase to the Orcish Mines.
  8957 | D:10     | Noticed Urug
  8996 | D:10     | Killed Urug
  9049 | D:10     | Reached XP level 11. HP: 97/97 MP: 10/10
  9113 | D:10     | Cast into the Abyss (Psyche)
  9244 | Abyss:1  | Killed from afar by a raiju

Vault maps used:
D:1:      dpeg_arrival_rooms_c
D:2:      tgw_trog, first_bread
D:3:      fedhas_altar_1
D:4:      corexii_shack_village, elyvilon_altar_5, vehumet_altar_wand_db,
          temple_statues, serial_shops, kennysheep_mini_moat
D:5:      uniq_eustachio
D:6:      lemuel_round_altar, kennysheep_generic_room_6, uniq_edmund,
          uniq_crazy_yiuf_cottage
D:8:      kennysheep_little_box, nemelex_deck, serial_column_ruins,
          column_ruins_open_tiny, column_ruins_grid_3,
          column_ruins_columns_dead_end, column_ruins_grid_1,
          column_ruins_grid_1, basic_altar, serial_shops, shop
D:9:      nicolae_overflow_crystal_walls, david_nohive_1, kennysheep_kite_vault,
          uniq_gastronok
D:10:     minmay_lair_entry_lava, orc_0_dummy, minmay_gold_behind_fungi,
          lemuel_mausoleum_altar_yredelemnul, uniq_psyche, uniq_urug
Temple:   minmay_temple_forest_path_12
Abyss:1:  serial_sigils_hangedman_snap

Action                   |  1- 3 |  4- 6 |  7- 9 | 10-12 || total
-------------------------+-------+-------+-------+-------++-------
Melee: War axe           |   104 |   215 |    98 |       ||   417
       Flail             |       |       |   160 |   219 ||   379
 Abil: Evoke Flight      |       |       |       |     1 ||     1
Evoke: Wand              |       |       |       |     2 ||     2
  Use: Scroll            |       |       |       |    14 ||    14
       Potion            |       |       |       |     5 ||     5
  Eat: Chunk             |     2 |     4 |     5 |     2 ||    13
       Bread ration      |       |     1 |     3 |     1 ||     5
